 Dungeon Crawl Stone Soup version 0.18-a0-1773-gec4f98e (webtiles) character file.

28 penismuncher the Digger (level 3, -1/21 HPs)
             Began as an Octopode Earth Elementalist on Apr 15, 2016.
             Slain by a kobold (2 damage)
             ... on level 1 of the Dungeon.
             The game lasted 00:01:00 (913 turns).

penismuncher the Digger (OpEE)                       Turns: 913, Time: 00:01:01

Health: -1/21      AC:  1    Str:  7    XL:     3   Next: 14%
Magic:  3/6        EV: 12    Int: 17    God:
Gold:   65         SH:  0    Dex: 16    Spells: 1 memorised, 5 levels left

rFire  . . .     SeeInvis .     a - 36 stones
rCold  . . .     Gourm    .     (no shield)
rNeg   . . .     Faith    .     (helmet restricted)
rPois  .         Spirit   .     f - amulet of inaccuracy (curse)
rElec  .         Dismiss  .     h - +3 ring of dexterity
rCorr  .         Reflect  .     (no ring)
SustAt .         Harm     .     (no ring)
MR     .....                    (no ring)
Stlth  +++.......               (no ring)
                                (no ring)
                                (no ring)
                                (no ring)

@: lethally poisoned (-1 -> -8), not resistant to hostile enchantments, fairly
stealthy
A: almost no armour, amphibious, 8 rings, constrict 8, camouflage 1, gelatinous
body 1
a: no special abilities


You were on level 1 of the Dungeon.
You were not hungry.

You visited 1 branch of the dungeon, and saw 2 of its levels.

You collected 65 gold pieces.

Inventory:

Missiles
 a - 36 stones (in tentacle)
Jewellery
 e - an uncursed amulet of the gourmand
 f - a cursed amulet of inaccuracy (around mantle)
 h - a +3 ring of dexterity (left tentacle)
Scrolls
 d - a scroll of identify
 g - a scroll of enchant weapon
Books
 b - a book of Geomancy

   Spells                             Type                      Level
   a - Sandblast                      Earth                        1
   b - Passwall                       Transmutation/Earth          2
   c - Stone Arrow                    Conjuration/Earth            3
   d - Petrify                        Transmutation/Earth          4
   e - Lee's Rapid Deconstruction     Earth                        5
Comestibles
 c - 2 bread rations
 j - a chunk of flesh


   Skills:
 - Level 2.0 Dodging
 - Level 2.6 Stealth
 + Level 2.6 Unarmed Combat
 - Level 2.0 Spellcasting
   Level 1.0 Transmutations
 - Level 3.0 Earth Magic


You had 5 spell levels left.
You knew the following spells:

 Your Spells              Type           Power        Failure   Level  Hunger
a - Sandblast             Erth           ##....       6%          1    #......


Dungeon Overview and Level Annotations

Branches:
Dungeon (2/15)

Altars:

Annotations:
D:2 Terence


Innate Abilities, Weirdness & Mutations

You cannot wear most types of armour.
You are amphibious.
You can wear up to eight rings at the same time.
You can use your tentacles to constrict eight enemies at once.
Your skin changes colour to match your surroundings (Stealth).
Your rubbery body absorbs attacks (AC +1).


Message History

Aiming: Sandblast
Press: ? - help, Shift-Dir - straight line, f - adder
Aim: an adder (heavily wounded)
The rocky blast misses the adder.
* * * LOW HITPOINT WARNING * * *
You feel sick. The adder closely misses you. The goblin closely misses you.
Casting: Sandblast
Confirm with . or Enter, or press ? or * to list all spells.
Aiming: Sandblast
Press: ? - help, Shift-Dir - straight line, f/p - adder
Aim: an adder (heavily wounded)
The rocky blast hits the adder.
You kill the adder!
You have reached level 3!
Your experience leads to an increase in your attributes!
Your base attributes are Str 7, Int 17, Dex 12.
Increase (S)trength, (I)ntelligence, or (D)exterity?
You feel agile. The goblin barely misses you. The kobold hits you.
You die...

#################
##.#.##
##..........#...#
##.###.##
...##########.<.# #.##
##.# #############...#
##.###.##
#.......###'## ##.#.##
#.......###'########.##
#.⌠.⌠.⌠.#.........##.#
#.......'..>K...#.##.#
#.......#...g@.......#
###############...####
##.....# ######..#
#..##..# #.#.##..#
#...#.#####.#.##..#
###.........#.##..#
#..########.##..# #[.#
######.##.####### #..#
#...............#


You could see a goblin and a kobold.

Vanquished Creatures
  An adder (D:1)
  3 dart slugs (D:1)
  2 bats (D:1)
  A giant cockroach (D:1)
  A goblin (D:1)
  2 hobgoblins (D:1)
  2 kobolds (D:1)
  A ball python (D:1)
13 creatures vanquished.

Notes
Turn   | Place    | Note
--------------------------------------------------------------
     0 | D:1      | penismuncher the Octopode Earth Elementalist began the quest for the Orb.
     0 | D:1      | Reached XP level 1. HP: 11/11 MP: 3/3
   125 | D:1      | Reached skill level 1 in Unarmed Combat
   341 | D:1      | Reached XP level 2. HP: 4/17 MP: 5/5
   905 | D:2      | Noticed Terence
   913 | D:1      | Reached XP level 3. HP: 1/21 MP: 3/6
   913 | D:1      | Slain by a kobold

Vault maps used:
D:1:      dpeg_arrival_simpleton_b, st_stairs_12, grunt_decor_arrowhead
D:2:      kennysheep_ying_yang, vehumet_crystals, ecumenical_altar_2,
          uniq_terence

Skill      XL: |  1  2 |
---------------+-------+-----
Unarmed Combat | 1 2 |  2.6
Dodging        | |  2.0
Stealth        | |  2.6
Spellcasting   | |  2.0
Transmutations | |  1.0
Earth Magic    | |  3.0

Action                   || total
-------------------------++-------
Melee: Unarmed           ||    41
       Constrict         ||    11
       Tentacles         ||     8
 Cast: Sandblast         ||     2
  Use: Scroll            ||     2
       Potion            ||     1
 Stab: Sleeping          ||     5
       Distracted        ||     1
Armor: Skin              ||     4
Dodge: Dodged            ||    30
